 Dungeon Crawl Stone Soup version 0.30-a0-6-g7c9e10e132 (webtiles) character file.

Game seed: 4602714218032626537

23 Spectrina the Magician (level 3, -1/26 HPs)
             Began as a Djinni Venom Mage on Aug 22, 2022.
             Slain by a worm (5 damage)
             ... on level 3 of the Dungeon.
             The game lasted 00:04:23 (394 turns).

Spectrina the Magician (Djinni Venom Mage)           Turns: 394, Time: 00:04:23

Health: -1/26      AC:  6    Str:  7    XL:     3   Next: 10%
Gold:   11         EV: 12    Int: 18    God:
                   SH:  0    Dex: 13

rFire   + + .      SeeInvis .    (no weapon)
rCold   x . .      Faith    .    (no shield)
rNeg    . . .      Spirit   .    a - +0 robe
rPois   ∞          Reflect  .    (no helmet)
rElec   .          Harm     .    (no cloak)
rCorr   .          Rampage  .    (no gloves)
Will    .....                    (boots unavailable)
Stlth   ++........               (no amulet)
HPRegen 0.08/turn                c - +4 ring of protection
MPRegen 0.00/turn                (no ring)

@: flying
A: sickness immunity, fire resistance 2, cold vulnerability 1, float, innate
caster, HP casting, extra vitality 1
a: no special abilities


You were on level 3 of the Dungeon.
You visited 1 branch of the dungeon, and saw 3 of its levels.

You collected 11 gold pieces.

Inventory:

Armour
 a - a +0 robe (worn)
Jewellery
 c - a +4 ring of protection (left hand)
Scrolls
 d - a scroll of blinking {unknown}
 e - 2 scrolls of identify {unknown}
 f - 2 scrolls of enchant weapon {unknown}
 g - a scroll of poison {unknown}
 h - a scroll of immolation {unknown}
Potions
 b - 2 potions of flight {unknown}


   Skills:
 + Level 0.6 Fighting
 + Level 2.4 Dodging
 + Level 1.8 Stealth
 * Level 2.7 Spellcasting
 + Level 0.7 Invocations


You couldn't memorise any spells.
You knew the following spells:

 Your Spells              Type           Power      Damage    Failure   Level
a - Sting                 Tmut/Pois      48%        1d5       5%          1
b - Apportation           Tloc           24%        N/A       5%          1
c - Mephitic Cloud        Conj/Pois/Air  12%        N/A       17%         3
d - Olgreb's Toxic Radia  Pois           12%        N/A       50%         4
q - Poisonous Vapours     Pois/Air       24%        N/A       9%          2
Your spell library was empty.

Dungeon Overview and Level Annotations

Branches:
Dungeon (3/15)

Altars:
Gozag

Shops:
D:2 *

Annotations:
D:1 2 transporters


Innate Abilities, Weirdness & Mutations

You are immune to sickness and miasma.
You are immune to poison.
Your flesh is very heat resistant. (rF++)
You are vulnerable to cold. (rC-)
You float through the air rather than walking.
You learn spells naturally, not from books.
Your magical power is your life essence.
You have superior vitality. (+4 MHP)


Message History

Aiming: Sting (safe; 6% risk of failure)
Press: ? - help, Shift-Dir - straight line, f/p - orc
Aim: an orc, wielding a +0 trident (heavily wounded, poisoned, 71% to hit)
The sting misses the orc.
* * * LOW HITPOINT WARNING * * *
You kill the endoplasm!
You have reached level 3!
Your experience leads to an increase in your attributes!
Increase (S)trength, (I)ntelligence, or (D)exterity?
You feel clever. x2
The power to cast Apportation wells up from within.
Spell assigned to 'b'.
Casting: Sting (safe; 5% risk of failure)
Confirm with . or Enter, or press ? or * to list all spells.
Aiming: Sting (safe; 5% risk of failure)
Press: ? - help, Shift-Dir - straight line, f/p - orc
Aim: an orc, wielding a +0 trident (heavily wounded, poisoned, 71% to hit)
The sting hits the orc.
The orc looks even sicker.
You kill the orc!
* * * LOW HITPOINT WARNING * * *
Unknown command.
Things that are here:
a +0 trident; an orc corpse
There is an open door here.
An endoplasm comes into view.
Casting: Sting (safe; 5% risk of failure)
Confirm with . or Enter, or press ? or * to list all spells.
Aiming: Sting (safe; 5% risk of failure)
Press: ? - help, Shift-Dir - straight line, f - endoplasm
Aim: an endoplasm (wandering, hasn't noticed you, 98% to hit)
The sting hits the endoplasm.
The endoplasm partially resists.
The endoplasm is poisoned.
The endoplasm is heavily wounded.
The endoplasm quivers.
* * * LOW HITPOINT WARNING * * *
The endoplasm looks more healthy.
You see here a scroll labelled YQISOL BOUTAD.
f - 2 scrolls labelled YQISOL BOUTAD (gained 1)
The worm bites you.
You die...

#..# #..# #..#
.#.#...####### ######..#
+#............. #
...##J.##.##............
#.##.##.##...##...........
#......##.....##.......?..
#...#.#...Jw⌠...........?..
#####.#####@..###..........
#...# #...#............
#.### #.>.#.............
#.# #...#............. #.#
###...###........... #.#
+...⌠............... #.#
##.....##..........> #.#
##...##............ #.#
####.##.............


You could see a worm and an endoplasm.

Vanquished Creatures
  2 worms (D:2)
  An orc (D:3)
  A ball python (D:2)
  A bat (D:3)
  An endoplasm (D:3)
  2 goblins (D:2)
  2 hobgoblins
  A quokka (D:2)
  2 frilled lizards
  A rat (D:2)
14 creatures vanquished.

Notes
Turn   | Place    | Note
-------+----------+-------------------------------------------
     0 | D:1      | Spectrina the Djinni Venom Mage began the quest for the
                  | Orb.
     0 | D:1      | Spectrina set off with the following spells memorised:
                  | Sting, Poisonous Vapours, Mephitic Cloud, Olgreb's Toxic
                  | Radiance.
     0 | D:1      | Reached XP level 1. HP: 15/15 MP: 0/0
    34 | D:2      | Found Pigoa's General Store.
   148 | D:2      | Reached XP level 2. HP: 14/21 MP: 0/0
   270 | D:3      | Found an opulent altar of Gozag.
   354 | D:3      | Reached XP level 3. HP: 2/26 MP: 0/0
   354 | D:3      | Learned a level 1 spell: Apportation
   394 | D:3      | Slain by a worm

Illustrated notes

Levels and vault maps discovered:
D:1:      spicycebolla_arrival_transporter_tutorial, layout_rooms,
          serial_bayou_ford_a, minivault_11, hangedman_decor_lopped,
          minmay_lizard_pond
D:2:      minmay_angry_zag, layout_basic, serial_shops,
          nicolae_shop_hallway_stairs
D:3:      layout_basic, fiery_altar_vehumet, mainiacjoe_overflow_two_lobes,
          gup_sewer_entry_bowl, grunt_ministairs_15

Action                   || total
-------------------------++-------
Melee: Unarmed           ||     2
 Cast: Sting             ||    31
       Poisonous Vapours ||     1
Armor: Robe              ||     1
Dodge: Dodged            ||     8

Table legend: (Time is in decaauts)
 A = Elapsed time spent in this place.
 B = Non-inter-level travel time spent in this place.
 C = Inter-level travel time spent in this place.
 D = Time resting spent in this place.
 E = Time spent auto-exploring this place.
 F = Levels seen in this place.
 G = Mean time per level.
                   A        B        C        D        E       F      G
               +--------+--------+--------+--------+--------+-----+--------+
         Total |    393 |    393 |      0 |      0 |      0 |   3 |  131.0 |
       Dungeon |    393 |    393 |      0 |      0 |      0 |   3 |  131.0 |
               +--------+--------+--------+--------+--------+-----+--------+

Top non-repeatable levels by time:
     D:2: 231 daAuts
     D:3: 149 daAuts
     D:1: 11 daAuts
